omghax, neutral male scurrid Tourist ----------+----- |..........@{..| |.........B..... |..............| |........*...... ----------+----- omghax the Rambler Experience level: 1 Strength: 10 Dexterity: 13 Constitution: 14 Intelligence: 11 Wisdom: 10 Charisma: 17 Health: 0(9) Energy: 2(2) Def: 0 Gold: 124 Moves: 30 Dungeon seed: slUEDU5pNIj-HYH3 Game ID: omghax_1498614479 Your Inventory: Coins $ - 124 gold pieces Weapons a - 49 uncursed +2 darts (in quiver) Armor e - an uncursed +0 Hawaiian shirt (being worn) Comestibles b - an uncursed fortune cookie c - 3 uncursed food rations d - an uncursed tin of jackal meat f - an uncursed sprig of wolfsbane g - 2 uncursed chestnuts h - an uncursed candy bar i - an uncursed tripe ration Scrolls l - 3 uncursed scrolls of magic mapping m - a blessed scroll of magic mapping Potions j - a blessed potion of extra healing k - an uncursed potion of extra healing Wands p - an uncursed wand of secret door detection (0:15) Tools n - an uncursed expensive camera (0:81) o - an uncursed credit card q - an uncursed towel Spells and supernatural/magical abilities: Name Level Category Fail Memory W - pray for help -- divine ? -- Your skills at the end: Miscellaneous Skills wands [Basic] Weapon Skills dart [Basic] Spellcasting Skills Final Attributes: You were devoutly aligned. You had infravision. You were very stealthy. You are dead. Voluntary challenges: You went without food. You did not adorn yourself with jewelry or accessories. You did not cause conflict. You were not invisible. You did not have reflection. You were not displaced. You were an atheist. You never hit with a wielded weapon. You were a pacifist. You did not use tools. You did not use plumbed fixtures. You did not drink any magical draughts. You were illiterate. You never genocided any monsters. You never polymorphed an object. You never changed form. You used no wishes. You never split a pudding. You never wrote Elbereth's name. You never violated your personal moral code. Dungeon overview: The Dungeons of Doom: levels 1 to 12 Level 1 a long staircase Level 2 Level 3 Level 4 a long staircase Level 5 Level 6 Level 7 Level 8 a long staircase Level 9 Level 10 Level 11 Level 12 <- You were here a fountain History has recorded: On T:1 you entered the Dungeons of Doom to retrieve the Amulet of Yendor! On T:4 you reached level 2 of The Dungeons of Doom. On T:7 you reached level 3 of The Dungeons of Doom. On T:9 you reached level 4 of The Dungeons of Doom. On T:11 you reached level 5 of The Dungeons of Doom. On T:13 you reached level 6 of The Dungeons of Doom. On T:16 you reached level 7 of The Dungeons of Doom. On T:18 you reached level 8 of The Dungeons of Doom. On T:20 you reached level 9 of The Dungeons of Doom. On T:22 you reached level 10 of The Dungeons of Doom. On T:28 you reached level 12 of The Dungeons of Doom. Score breakdown: Gold: 0 ( 0 points) Experience: 1 level ( 0 points) Exploration: 12 levels ( 330 points) Discoveries: 0 items ( 0 points) Variety of kills: 0 monsters ( 0 points) Major goal: (nothing yet) ( 0 points) Survival: died (score multiplied by 3) Total score: 990 Latest messages: That command is only available in debug mode. You have no weapon equipped. You see here 10 rocks. You start digging downward. You continue digging downward. You dig a pit in the floor. You continue digging downward. You dig a hole through the floor. You fall through... All the adjacent objects fall through the hole. You start digging downward. You continue digging downward. You dig a pit in the floor. You continue digging downward. You dig a hole through the floor. You fall through... You start digging downward. The vampire bat bites! (2x) You continue digging downward. You dig a pit in the floor. The vampire bat bites! You die... Final status: Aloha omghax the Tourist, killed by a vampire bat... You died in The Dungeons of Doom on dungeon level 12 with 990 points, and 124 pieces of gold, after 30 moves. You were level 1 with a maximum of 9 hit points when you died.